cohdb
Replays
Latest Replays
All Replays
Popular Replays
Top Player Replays
Match Explorer
How It Works
Community
CoH3 Stats
Reddit
Sign in to upload your games and track your stats! →
Sign in with Steam
Match 46525060
Unlisted
Match 46525060
Overview
Messages
Build Orders
End
Construct Infanterie Kompanie
Construct Infanterie Kompanie
Grenadier Squad
Selects Terror Battlegroup
Grenadier Squad
Selects Heavy Gunnery
Grenadier Squad
MG 42 Machine Gun Team
Construct Luftwaffe Kompanie
221 Scout Car
Selects Contempt for the Weak
Pioneer Squad
Support Elements
Wirbelwind Flakpanzer
Wirbelwind Flakpanzer
Luftwaffe Officer Quarters
Selects Propaganda Leaflet Drop
Wirbelwind Flakpanzer
유파_Yupa
Syllabeer
Fate
Brick_man
juMjuM^
The Rainy Desert
0
0
Comments
sign in to comment!
No comments posted yet!